 Dungeon Crawl Stone Soup version 0.27.1-2-g3b301248ec (webtiles) character file.

Game seed: 1075839712500721662

182 Descartes the Chiller (level 5, 0/29 HPs)
             Began as a Deep Elf Wanderer on Oct 2, 2021.
             Killed from afar by an orc wizard (12 damage)
             ... with a magic dart
             ... on level 3 of the Dungeon.
             The game lasted 00:06:56 (3379 turns).

Descartes the Chiller (Deep Elf Wanderer)           Turns: 3379, Time: 00:06:57

Health: 0/29       AC:  2    Str: 10    XL:     5   Next: 35%
Magic:  5/9        EV: 11    Int: 16    God:
Gold:   72         SH:  0    Dex: 15    Spells: 1/7 levels left

rFire    . . .     SeeInvis .   a - +2 short sword
rCold    . . .     Faith    .   (no shield)
rNeg     . . .     Spirit   .   c - +0 robe
rPois    +         Reflect  .   (no helmet)
rElec    .         Harm     .   (no cloak)
rCorr    .         Rampage  .   (no gloves)
Will     .....                  (no boots)
Stlth    ++........             (no amulet)
HPRegen  0.09/turn              l - ring of poison resistance
MPRegen  0.11/turn              (no ring)

@: freezing walls
A: no striking features
a: no special abilities


You were on level 3 of the Dungeon.
You visited 1 branch of the dungeon, and saw 3 of its levels.

You collected 72 gold pieces.

Inventory:

Hand Weapons
 a - a +2 short sword (weapon)
 d - a +0 dagger
Missiles
 f - 70 arrows
 h - 11 poisoned darts
 i - 4 stones
 k - 31 sling bullets
Armour
 c - a +0 robe (worn)
Jewellery
 l - a ring of poison resistance (left hand)
Scrolls
 g - 2 scrolls of identify {unknown}
 j - 2 scrolls of teleportation {unknown}
 m - a scroll of noise {unknown}
 o - 3 scrolls of blinking {unknown}


   Skills:
 - Level 1.0 Fighting
 - Level 1.0 Short Blades
 - Level 1.0 Throwing
 - Level 2.4 Stealth
 - Level 1.5 Spellcasting
 + Level 2.4 Translocations
 - Level 3.2 Fire Magic
 + Level 5.1 Ice Magic


You had one spell level left.
You knew the following spells:

 Your Spells              Type           Power      Damage    Failure   Level
a - Freeze                Ice            68%        1d8       2%          1
b - Frozen Ramparts       Ice            34%        1d5       8%          3
c - Blink                 Tloc           N/A        N/A       12%         2

Your spell library contained the following spells:

 Spells                   Type           Power      Damage    Failure   Level
 Lesser Beckoning         Tloc           4%         N/A       24%         3
 Slow                     Hex            1%         N/A       32%         2
 Confusing Touch          Hex            1%         N/A       54%         3
 Vampiric Draining        Necr           0%         2d6       54%         3
 Manifold Assault         Tloc           8%         N/A       92%         5


Dungeon Overview and Level Annotations

Branches:
Dungeon (3/15)

Altars:


Message History

Reactivating autopickup.
You feel a bit more experienced.
The wall freezes the orc priest.
Casting: Freeze (safe; 2% risk of failure)
Confirm with . or Enter, or press ? or * to list all spells.
Aiming: Freeze (safe; 2% risk of failure)
Press: ? - help, Shift-Dir - straight line, f - orc priest
Aim: an orc priest, wielding a +0 flail and wearing a +0 leather armour (lightly wounded)
You freeze the orc priest.
The orc priest is moderately wounded.
The wall freezes the orc priest.
The orc priest calls down the wrath of Beogh upon you.
Beogh smites you!
* * * LOW HITPOINT WARNING * * *
It was a potion of curing.
You feel better.
The wall freezes the orc priest.
The orc priest misses you.
It was a potion of magic.
Magic courses through your body.
The frozen ramparts melt away.
The orc priest hits you but does no damage.
Your magical contamination has completely faded away.
Casting: Freeze (safe; 2% risk of failure)
Confirm with . or Enter, or press ? or * to list all spells.
The spell is quite dangerous to cast (8% risk of failure)!
Continue anyway?
Casting: Frozen Ramparts (quite dangerous; 8% risk of failure)
Press: ? - help, Dir - look around, f - activate The walls around you are covered in ice.
The adder hisses angrily.
The wall freezes something.
The wall freezes the orc priest.
The orc priest barely misses you.
Casting: Frozen Ramparts (quite dangerous; 8% risk of failure)
Confirm with . or Enter, or press ? or * to list all spells.
Aiming: Freeze (safe; 2% risk of failure)
Press: ? - help, Shift-Dir - straight line, f - orc priest
Aim: an orc priest, wielding a +0 flail and wearing a +0 leather armour (almost dead)
You freeze the orc priest.
You kill the orc priest!
The wall freezes something.
A magic dart appears from out of thin air!
Deactivating autopickup; reactivate with Ctrl-A.
The magic dart hits you!
You die...

#.......#
.. .....
#.......#
.....
#.......#
.....
#.......#
##.#.
#.......#
#..#
#.......#
#.
#.......#
#.......#
#####@###
#)# #{).#
###.# ..#
..# ..S.
.... ....


You could see an adder.

Vanquished Creatures
  An orc priest (D:3)
  3 orc wizards (D:3)
  A hound zombie (D:3)
  2 adders
  3 dart slugs
  2 worms (D:2)
  7 bats
  4 endoplasms
  3 giant cockroaches (D:1)
  7 hobgoblins
  5 jackals (D:1)
  4 kobolds
  3 quokkas
  5 ball pythons
  A frilled lizard (D:1)
  9 goblins
  4 rats
64 creatures vanquished.

Notes
Turn   | Place    | Note
-------+----------+-------------------------------------------
     0 | D:1      | Descartes the Deep Elf Wanderer began the quest for the
                  | Orb.
     0 | D:1      | Descartes set off with the following items: a +2 short
                  | sword, a potion of lignification, a +0 robe, a +0 dagger;
                  | and the following spell memorised: Freeze; and the
                  | following spells available to memorise: Frozen Ramparts
     0 | D:1      | Reached XP level 1. HP: 12/12 MP: 5/5
   168 | D:1      | Reached skill level 2 in Ice Magic
   312 | D:1      | Found a faded altar of an unknown god.
   318 | D:1      | Reached XP level 2. HP: 16/16 MP: 3/6
   858 | D:1      | Reached skill level 3 in Ice Magic
  1120 | D:1      | Reached XP level 3. HP: 20/20 MP: 5/7
  1124 | D:1      | Learned a level 3 spell: Frozen Ramparts
  1780 | D:2      | Reached skill level 4 in Ice Magic
  2411 | D:2      | Reached XP level 4. HP: 25/25 MP: 1/8
  2899 | D:3      | Learned a level 2 spell: Blink
  3066 | D:3      | Reached skill level 1 in Translocations
  3374 | D:3      | Reached skill level 5 in Ice Magic
  3374 | D:3      | Reached XP level 5. HP: 13/29 MP: 1/9
  3379 | D:3      | Killed from afar by an orc wizard

Illustrated notes

Levels and vault maps discovered:
D:1:      lightli_molten_gateway, layout_loops_corners,
          ebering_ecumenical_altar_abandoned, minmay_tripent
D:2:      layout_basic
D:3:      layout_rooms, uniq_crazy_yiuf_cottage

Skill      XL: |  1  2  3  4 |
---------------+-------------+-----
Ice Magic      | 2 3 4 5 |  5.1
Translocations | 2 |  2.4
Fighting       | |  1.0
Short Blades   | |  1.0
Throwing       | |  1.0
Stealth        | |  2.4
Spellcasting   | |  1.5
Fire Magic     | |  3.2

Action                   |  1- 3 |  4- 6 || total
-------------------------+-------+-------++-------
Melee: Short sword       |     7 |    14 ||    21
 Cast: Freeze            |    83 |    23 ||   106
       Frozen Ramparts   |       |     2 ||     2
  Use: Potion            |       |     3 ||     3
 Stab: Sleeping          |     4 |       ||     4
Armor: Robe              |    23 |     5 ||    28
       Skin              |       |    10 ||    10
Dodge: Dodged            |    46 |    12 ||    58
